 Dungeon Crawl Stone Soup version 0.18-a0-1718-g40ea4b6 (webtiles) character file.

59064 Ijustatesigmund the Unseen (level 14, -12/75 HPs)
             Began as a Spriggan Assassin on Apr 8, 2016.
             Was the Champion of Vehumet.
             Mangled by PeterLawrence's ghost (43 damage)
             ... on level 3 of the Lair of Beasts.
             The game lasted 03:53:42 (28354 turns).

Ijustatesigmund the Unseen (Spriggan Assassin)     Turns: 28354, Time: 03:53:43

Health: -12/75     AC:  7    Str:  9    XL:     14   Next: 51%
Magic:  37/37      EV: 31    Int: 19    God:    Vehumet [******]
Gold:   752        SH:  0    Dex: 20    Spells: 4 memorised, 25 levels left

rFire  . . .     SeeInvis +     V - +4 short sword (elec)
rCold  . . .     Gourm    .     k - +2 robe {MR+}
rNeg   . . .     Faith    +     (shield restricted)
rPois  .         Spirit   .     (helmet restricted)
rElec  +         Dismiss  .     B - +2 cloak
rCorr  .         Reflect  .     (gloves unavailable)
SustAt .         Harm     .     (boots unavailable)
MR     +++..                    Y - amulet of Illeocsiraps {Faith rF+}
Stlth  +++++++++.               K - ring "Xasypp" {rElec rF- MP+9 Str+2 Int+4}
                                m - ring of stealth

@: very quick, extremely resistant to hostile enchantments, incredibly stealthy
A: unfitting armour, see invisible, herbivore 3, speed 3, low mp 1, slow
metabolism 2
a: Renounce Religion


You were on level 3 of the Lair of Beasts.
You worshipped Vehumet.
Vehumet was exalted by your worship.
You were very hungry.

You visited 4 branches of the dungeon, and saw 21 of its levels.
You also visited: Labyrinth.

You collected 2005 gold pieces.
You spent 1253 gold pieces at shops.

Inventory:

Hand Weapons
 a - a +5 dagger of piercing
 b - a +2 blowgun
 V - a +4 short sword of electrocution (weapon)
Missiles
 e - 100 poisoned needles
 p - 6 needles of confusion
 F - a curare-tipped needle
 H - 32 tomahawks (quivered)
 L - 4 needles of frenzy
 N - 3 silver tomahawks
 S - 4 needles of sleeping
Armour
 k - a +2 robe of magic resistance (worn)
 B - a +2 cloak (worn)
Rods
 T - a +1 rod of ignition (14/14)
   (You found it in a labyrinth)
 W - a +4 lightning rod (14/14)
   (You found it in a labyrinth)
 X - a +0 lightning rod (11/11)
   (You found it in a labyrinth)
Jewellery
 m - a ring of stealth (left hand)
 y - an uncursed ring of sustain attributes
 K - the ring "Xasypp" (right hand) {rElec rF- MP+9 Str+2 Int+4}
   (You took it off a centaur on level 9 of the Dungeon)

   [ring of strength]

   It affects your strength (+2).
   It affects your intelligence (+4).
   It makes you vulnerable to fire.
   It insulates you from electricity.
   It affects your magic capacity (+9).
 O - the amulet of Cekugob {Dismiss -Tele rElec rPois rN++ AC+1 EV+1}
   (You found it in a labyrinth)

   [amulet of dismissal]

   It may teleport away creatures that harm you.
   It affects your AC (+1).
   It affects your evasion (+1).
   It insulates you from electricity.
   It protects you from poison.
   It greatly protects you from negative energy.
   It prevents most forms of teleportation.
 Y - the amulet of Illeocsiraps (around neck) {Faith rF+}
   (You found it in a labyrinth)

   [amulet of faith]

   It allows you to gain divine favour quickly.
   It protects you from fire.
Wands
 i - a wand of teleportation (9/9)
 q - a wand of digging (14/24)
 u - a wand of disintegration (1/24)
 C - a wand of acid (10/15)
 E - a wand of lightning (8/15)
 M - a wand of iceblast (5/15)
 P - a wand of random effects (34/48)
Scrolls
 d - 3 scrolls of enchant armour
 f - a scroll of amnesia
 h - 5 scrolls of teleportation
 n - 2 scrolls of immolation
 t - 2 scrolls of recharging
 v - 3 scrolls of blinking
 w - 4 scrolls of magic mapping
 x - a scroll of remove curse
 G - 3 scrolls of fear
Potions
 c - a potion of haste
 l - 3 potions of heal wounds
 o - 3 potions of flight
 r - a potion of magic
 s - 4 potions of mutation
 A - a potion of brilliance {unknown}
 J - a potion of might
 Q - 5 potions of curing
 U - a potion of invisibility
Miscellaneous
 I - a phantom mirror
Comestibles
 g - 8 bread rations
 j - 13 fruits


   Skills:
 - Level 9.0 Fighting
 - Level 11.0 Short Blades
 - Level 6.1 Throwing
 - Level 13.0 Dodging
 - Level 17.0 Stealth
 - Level 12.0 Spellcasting
 + Level 6.3 Conjurations
 - Level 8.0 Hexes
 - Level 3.4 Ice Magic


You had 25 spell levels left.
You knew the following spells:

 Your Spells              Type           Power        Failure   Level  Hunger
a - Ensorcelled Hibernat  Hex/Ice        ####..       1%          2    None
b - Dazzling Spray        Conj/Hex       #####...     1%          3    None
c - Iskenderun's Mystic   Conj           #####...     1%          4    ##.....
d - Conjure Flame         Conj/Fire      ###.....     1%          3    None


Dungeon Overview and Level Annotations

Branches:
Dungeon (15/15)            Temple (1/1) D:7            Lair (3/8) D:9
    Orc (2/2) D:11            Elf (0/3) Orc:2        Vaults (0/5) D:13
  Swamp: Lair:3-6    Shoals: Lair:3-6     Snake: Lair:3-6    Spider: Lair:3-6
 Depths: D:15

Altars:
Ashenzari
Cheibriados
Dithmenos
Elyvilon
Fedhas
Gozag
Kikubaaqudgha
Makhleb
Nemelex Xobeh
Okawaru
Pakellas
Qazlal
Ru
Sif Muna
Trog
Vehumet
Xom
Yredelemnul
Zin
The Shining One
Beogh

Shops:
D:4 ?   D:11 [   D:13 :   Orc:1 !   Orc:2 (}!*

Annotations:
D:3 Duffy's ghost, amateur DEFE
D:8 Joseph
Lair:3 PeterLawrence's ghost, journeyman OgFi


Innate Abilities, Weirdness & Mutations

You are tiny and cannot use many weapons and most armour.
You have supernaturally acute eyesight.
You are a herbivore.
You cover ground extremely quickly.
You need consume almost no food.
Your magical capacity is low (-10% MP).


Message History

You closely miss PeterLawrence's ghost.
PeterLawrence's ghost is moderately damaged.
PeterLawrence's ghost barely misses you.
You hit PeterLawrence's ghost.
PeterLawrence's ghost is heavily damaged.
You hit PeterLawrence's ghost but do no damage.
There is a sudden explosion of sparks!
PeterLawrence's ghost is heavily damaged.
PeterLawrence's ghost lets out a mournful wail.
PeterLawrence's ghost completely misses you.
You hit PeterLawrence's ghost.
PeterLawrence's ghost is heavily damaged.
You hit PeterLawrence's ghost.
There is a sudden explosion of sparks!
PeterLawrence's ghost is heavily damaged.
PeterLawrence's ghost misses you. The crocodile misses you.
You closely miss PeterLawrence's ghost.
PeterLawrence's ghost is heavily damaged.
PeterLawrence's ghost hits you!!!
Ouch! That really hurt!
You die...

###..#..........
##.............
#.#............
##.?.........#. #
###............#
#.#.P.............#
###.?/.........#.....
#...../.#......#....
##.....@.........
#......tW..#.....
#.............#..
#P.......##...#..
###....... ..#...
##...... .?...#
#.....#. ... . ##..#.
..#.


You could see a crocodile and PeterLawrence's ghost.

Vanquished Creatures
  Kirke (D:13)
  Maud (D:13)
  An ettin (Orc:2)
  A minotaur (Lab)
  Josephine (Orc:1)
  4 hydras
  Erica (D:8)
  A catoblepas (D:14)
  2 centaur warriors
  Erolcha (D:11)
  An orc high priest (Orc:2)
  4 ogre magi
  An unseen horror (D:11)
  5 hill giants
  3 orc knights
  A necromancer (D:13)
  A harpy (shapeshifter) (D:13)
  A phantasmal warrior (D:13)
  3 ugly things
  2 manticores
  7 cyclopes
  Maurice (Orc:1)
  3 deep elf magi
  2 spiny frogs (Lair:1)
  A molten gargoyle (Lair:2)
  2 gargoyles
  2 komodo dragons
  7 trolls
  Prince Ribbit (D:6)
  15 two-headed ogres
  6 slime creatures (D:12)
  A harpy skeleton (D:13)
  2 wyverns
  4 wraiths (Orc:1)
  4 shadows
  7 redbacks (Lab)
  A tarantella (shapeshifter) (D:12)
  A human (shapeshifter) (D:13)
  17 yaks
  2 vampires
  A hog (D:13)
  6 hippogriffs
  3 vampire mosquitoes
  5 wargs
  6 hungry ghosts
  2 soldier ants
  5 water moccasins
  5 porcupines
  26 orc warriors
  A wasp (D:13)
  4 black bears
  A necrophage (D:8)
  A sky beast (D:11)
  An eye of draining (D:9)
  A phantom (D:11)
  29 ogres
  8 wolves (Lair:1)
  4 crocodiles
  19 centaurs
  8 big kobolds
  14 giant frogs
  A wyvern zombie (D:12)
  A wyvern skeleton (D:15)
  A water moccasin zombie (D:9)
  2 scorpions
  A troll skeleton (Lab)
  18 killer bees
  3 wights (D:11)
  8 howler monkeys
  2 electric eels (D:15)
  7 crimson imps
  A wasp zombie (D:11)
  3 centaur zombies
  9 hounds
  A jelly (D:14)
  6 centaur skeletons
  10 orc priests
  2 giant frog skeletons
  27 orc wizards
  8 iguanas
  Natasha (thrice) (D:3)
  11 worker ants
  2 killer bee zombies
  4 sheep (D:14)
  2 ogre skeletons (Lab)
  A hound skeleton (D:4)
  A mummy (D:4)
  A worker ant zombie (D:7)
  14 gnolls
  A howler monkey skeleton (D:10)
  9 adders
  40 river rats
  6 shadow imps
  An ooze (D:1)
  An adder skeleton (D:4)
  5 worms
  A dart slug (D:3)
  9 giant geckos
  85 orcs
  A ball python (D:3)
  3 bats
  8 giant cockroaches
  4 goblins
  4 hobgoblins
  12 jackals
  37 kobolds
  7 quokkas
  2 giant gecko zombies
  3 giant newts
  3 hobgoblin zombies (D:4)
  A jackal skeleton (D:4)
  A jackal zombie (D:8)
  A kobold zombie (D:4)
  2 quokka skeletons
  6 rats
675 creatures vanquished.

Vanquished Creatures (others)
  2 humans (D:13)
  An orc warrior (D:10)
  An ogre (Orc:2)
  A giant frog (Lair:2)
  An orc wizard (D:8)
  An orc (D:8)
7 creatures vanquished.

Grand Total: 682 creatures vanquished

Notes
Turn   | Place    | Note
--------------------------------------------------------------
     0 | D:1      | Ijustatesigmund the Spriggan Assassin began the quest for the Orb.
     0 | D:1      | Reached XP level 1. HP: 10/10 MP: 2/2
    35 | D:1      | Reached skill level 6 in Stealth
    60 | D:1      | Reached XP level 2. HP: 10/14 MP: 3/3
   513 | D:1      | Reached XP level 3. HP: 17/18 MP: 4/4
   746 | D:2      | Found a faded altar to an unknown god.
   796 | D:2      | Found a shattered altar of Ashenzari.
   865 | D:2      | Found a sparkling altar of Nemelex Xobeh.
  1434 | D:2      | Reached skill level 7 in Stealth
  1562 | D:3      | Reached XP level 4. HP: 22/22 MP: 5/5
  1626 | D:3      | Noticed Natasha
  1655 | D:3      | Killed Natasha
  1667 | D:3      | Noticed Natasha
  1676 | D:3      | Killed Natasha
  1676 | D:3      | Reached XP level 5. HP: 19/25 MP: 6/6
  1769 | D:3      | Noticed Duffy's ghost (amateur DEFE)
  1802 | D:3      | Noticed Natasha
  1814 | D:3      | Killed Natasha
  2066 | D:4      | Reached skill level 5 in Dodging
  2277 | D:4      | Reached XP level 6. HP: 30/30 MP: 7/7
  2463 | D:4      | Reached skill level 8 in Stealth
  2484 | D:5      | Entered Level 5 of the Dungeon
  2629 | D:6      | Noticed Prince Ribbit
  2647 | D:6      | Killed Prince Ribbit
  2647 | D:6      | Reached XP level 7. HP: 33/33 MP: 8/8
  3077 | D:6      | Reached skill level 9 in Stealth
  3535 | D:3      | Found an iron altar of Okawaru.
  4388 | D:4      | Found Yluna's Magic Scroll Boutique.
  4414 | D:4      | Bought a scroll of identify for 28 gold pieces
  4414 | D:4      | Bought a scroll of holy word for 105 gold pieces
  4511 | D:5      | Reached skill level 5 in Short Blades
  4511 | D:5      | Reached XP level 8. HP: 29/37 MP: 9/9
  4746 | D:5      | Reached skill level 5 in Throwing
  4954 | D:5      | Found a white marble altar of Elyvilon.
  5582 | D:6      | Found a deep blue altar of Sif Muna.
  5586 | D:6      | Learned a level 2 spell: Ensorcelled Hibernation
  6253 | D:7      | Reached skill level 1 in Hexes
  6253 | D:7      | Reached skill level 1 in Ice Magic
  6616 | D:7      | Found a staircase to the Ecumenical Temple.
  6636 | Temple   | Entered the Ecumenical Temple
  6703 | Temple   | Became a worshipper of Vehumet
  7881 | D:7      | Reached XP level 9. HP: 41/44 MP: 10/10
  8003 | D:8      | Reached skill level 1 in Spellcasting
  8130 | D:8      | Noticed Erica
  8310 | D:8      | Reached * piety under Vehumet
  8310 | D:8      | Offered knowledge of Freeze by Vehumet.
  8436 | D:8      | Killed Erica
  8436 | D:8      | Reached skill level 5 in Fighting
  8436 | D:8      | Reached skill level 5 in Spellcasting
  8689 | D:8      | Noticed Joseph
 10328 | D:8      | Reached XP level 10. HP: 42/51 MP: 21/21
 10607 | D:9      | Found a shadowy altar of Dithmenos.
 10975 | D:9      | Reached skill level 10 in Stealth
 10991 | D:8      | Offered knowledge of Shock by Vehumet.
 11054 | D:8      | Reached ** piety under Vehumet
 12071 | D:8      | Reached skill level 11 in Stealth
 12437 | D:8      | Gained mutation: Your body sometimes deteriorates upon taking damage. [potion of mutation]
 12437 | D:8      | Gained mutation: Your system is resistant to poisons. [potion of mutation]
 12437 | D:8      | Gained mutation: Armour fits poorly on your strangely shaped body. [potion of mutation]
 12666 | D:8      | Lost mutation: Armour fits poorly on your strangely shaped body. [potion of cure mutation]
 12666 | D:8      | Lost mutation: Your body sometimes deteriorates upon taking damage. [potion of cure mutation]
 12666 | D:8      | Lost mutation: Your system is resistant to poisons. [potion of cure mutation]
 12751 | D:9      | Got a glittering bronze ring
 12927 | D:9      | Offered knowledge of Stone Arrow by Vehumet.
 12932 | D:9      | Learned a level 3 spell: Dazzling Spray
 12942 | D:9      | Found a staircase to the Lair.
 12952 | Lair:1   | Entered Level 1 of the Lair of Beasts
 13106 | D:9      | Reached *** piety under Vehumet
 13155 | Lair:1   | Noticed a spiny frog
 13161 | Lair:1   | Killed a spiny frog
 13267 | Lair:1   | Noticed an eight-headed hydra
 13283 | Lair:1   | Killed an eight-headed hydra
 13283 | Lair:1   | Reached skill level 12 in Stealth
 13283 | Lair:1   | Reached skill level 1 in Conjurations
 13283 | Lair:1   | Reached skill level 5 in Hexes
 13319 | Lair:1   | Reached XP level 11. HP: 52/56 MP: 6/23
 13569 | Lair:1   | Identified the ring "Xasypp" {rElec rF- MP+9 Str+2 Int+4} (You took it off a centaur on level 9 of the Dungeon)
 13816 | Lair:1   | Noticed a six-headed hydra
 13820 | Lair:1   | Offered knowledge of Iskenderun's Mystic Blast by Vehumet.
 13826 | Lair:1   | Learned a level 4 spell: Iskenderun's Mystic Blast
 14247 | D:9      | Found a snail-covered altar of Cheibriados.
 14337 | D:9      | Found a glowing silver altar of Zin.
 14734 | D:10     | Entered Level 10 of the Dungeon
 14740 | D:10     | Reached skill level 10 in Dodging
 14786 | D:10     | Found a roughly hewn altar of Beogh.
 14904 | D:10     | Reached **** piety under Vehumet
 14950 | D:10     | Offered knowledge of Airstrike by Vehumet.
 15746 | D:4      | Bought a scroll of enchant weapon for 105 gold pieces
 15746 | D:4      | Bought a scroll of remove curse for 42 gold pieces
 15746 | D:4      | Bought a scroll of remove curse for 42 gold pieces
 15746 | D:4      | Bought a scroll of remove curse for 42 gold pieces
 15746 | D:4      | Bought 2 scrolls of blinking for 210 gold pieces
 15918 | D:11     | Noticed an unseen horror
 15924 | D:11     | Killed an unseen horror
 15934 | D:11     | Noticed an orc knight
 15936 | D:11     | Found a staircase to the Orcish Mines.
 15938 | D:11     | Found Xerikly's Armour Shoppe.
 15969 | D:11     | Killed an orc knight
 16038 | D:11     | Reached ***** piety under Vehumet
 16038 | D:11     | Offered knowledge of Bolt of Draining by Vehumet.
 16609 | D:12     | Noticed a hill giant
 16616 | D:12     | Killed a hill giant
 16710 | D:13     | Noticed a harpy
 16713 | D:13     | Killed a harpy
 16713 | D:13     | Reached skill level 5 in Conjurations
 16718 | D:13     | Noticed a phantasmal warrior
 16721 | D:13     | Noticed a necromancer
 16722 | D:13     | Killed a phantasmal warrior
 16725 | D:13     | Killed a necromancer
 16727 | D:13     | Reached XP level 12. HP: 51/60 MP: 26/26
 16734 | D:13     | Found a gate to the Vaults.
 16786 | D:13     | Found Mynox's Book Shoppe.
 16849 | D:13     | Found a labyrinth entrance.
 16864 | Lab      | Entered a labyrinth
 17099 | Lab      | Found an exit through the horrors of the Abyss.
 17256 | Lab      | Found an exit through the horrors of the Abyss.
 18186 | Lab      | Reached skill level 10 in Spellcasting
 18281 | Lab      | Noticed a minotaur
 18292 | Lab      | Killed a minotaur
 18294 | Lab      | Identified the Catalogue of Fetching Necromancy
 18294 | Lab      | Got a shimmering diamond amulet
 18307 | Lab      | Identified a +1 rod of ignition (14/14) (You found it in a labyrinth)
 18313 | Lab      | Identified the amulet of Illeocsiraps {Faith rF+} (You found it in a labyrinth)
 18454 | D:13     | Noticed Maud
 18480 | D:13     | Killed Maud
 18731 | D:13     | Noticed Kirke
 18762 | D:12     | Reached skill level 10 in Short Blades
 19346 | Orc:1    | Entered Level 1 of the Orcish Mines
 19346 | Orc:1    | Noticed Josephine
 19349 | Orc:1    | Killed Josephine
 19669 | Orc:1    | Reached XP level 13. HP: 60/64 MP: 29/29
 19682 | Orc:1    | Noticed Maurice
 19703 | Orc:1    | Killed Maurice
 20237 | Orc:2    | Entered Level 2 of the Orcish Mines
 20497 | Orc:2    | Found a staircase to the Elven Halls.
 20515 | Orc:2    | Offered knowledge of Spellforged Servitor by Vehumet.
 20988 | Orc:2    | Found Peotsasch's Gadget Shop.
 21070 | Orc:2    | Reached skill level 13 in Stealth
 21632 | Orc:2    | Reached skill level 14 in Stealth
 21785 | Orc:2    | Found Qerudd's Assorted Antiques.
 21785 | Orc:2    | Found Hinaez Jauge's Distillery.
 21785 | Orc:2    | Found Mual's Weapon Emporium.
 21792 | Orc:2    | Bought a glittering wooden ring for 170 gold pieces
 21792 | Orc:2    | Bought a small emerald amulet for 170 gold pieces
 21792 | Orc:2    | Bought a scroll labeled VOCUAH NIEG for 34 gold pieces
 21799 | Orc:2    | Identified the ring "Vadiel Ucw" {*Tele *Contam rC+ MP+9} (You bought it in a shop on level 2 of the Orcish Mines)
 21830 | Orc:2    | Gained mutation: Your magical capacity is low (-10% MP). [mutagenic glow]
 21847 | Orc:2    | Bought a potion of heal wounds for 70 gold pieces
 21847 | Orc:2    | Bought a potion of heal wounds for 70 gold pieces
 22227 | Orc:1    | Found Qoor's Distillery.
 22253 | Orc:1    | Bought 2 potions of curing for 90 gold pieces
 22253 | Orc:1    | Bought a potion of heal wounds for 75 gold pieces
 22422 | Orc:2    | Noticed an ettin
 22428 | Orc:2    | Killed an ettin
 22993 | D:12     | Reached skill level 15 in Stealth
 23013 | D:12     | Offered knowledge of Fireball by Vehumet.
 23029 | D:12     | Learned a level 3 spell: Conjure Flame
 23959 | D:11     | Noticed Erolcha
 23959 | D:11     | Reached XP level 14. HP: 74/74 MP: 21/28
 23968 | D:11     | Killed Erolcha
 24149 | D:11     | Reached skill level 16 in Stealth
 24655 | D:13     | Killed Kirke
 25153 | D:14     | Reached ****** piety under Vehumet
 25636 | D:14     | Reached skill level 17 in Stealth
 26178 | D:15     | Entered Level 15 of the Dungeon
 26976 | Lair:1   | Offered knowledge of Ozocubu's Refrigeration by Vehumet.
 28338 | Lair:3   | Noticed PeterLawrence's ghost (journeyman OgFi)
 28354 | Lair:3   | Mangled by PeterLawrence's ghost

Vault maps used:
D:1:      tarquinn_simple_flora_water_a
D:2:      lemuel_doored_altar, nemelex_xobeh_ov_fountains_minmay,
          ecumenical_altar_2, first_bread
D:3:      kennysheep_big_flooded_room, okawaru_gym_becter, uniq_natasha
D:4:      serial_shops, shop_statue, minmay_mini_ossuary
D:5:      elyvilon_altar_1
D:6:      lemuel_blue_sif_altar, uniq_prince_ribbit1
D:7:      minmay_temple_entry_statues_pillars
D:8:      blue_anna_alchemist, uniq_joseph, uniq_erica
D:9:      cheibrodos_worm_habitat, grunt_dithmenos_smoke, zin_scriptorium,
          erik_lair_orcish_takeover, bh_walls_and_bars
D:11:     orc_david_3, minivault_12, uniq_erolcha
D:12:     kennysheep_room_grid, grunt_ministairs_7
D:13:     david_vaults_4, lab_entry_generic, serial_shops, shop_fountains,
          uniq_kirke, uniq_maud
D:15:     grunt_enter_depths_snipers, kennysheep_doodads
Temple:   nicolae_temple_x_marks_the_god
Lair:1:   grunt_megastairs_5
Lair:2:   minmay_hedge_maze, lemuel_old_faithful
Lair:3:   grunt_forest_stairs_basic, minivault_26
Orc:1:    nicolae_orc_accident_1, serial_shops, shop_statue, uniq_josephine,
          uniq_maurice
Orc:2:    st_orc_ogre_mass
Lab:      labyrinth_glass_1, nicolae_lab_x, labyrinth_fake_exit, lab_fountain,
          nicolae_lab_grate_2, nicolae_lab_arrow, nicolae_lab_checkerboard,
          nicolae_lab_grate, lab_hedge, nicolae_lab_starburst,
          nicolae_lab_blocks, labyrinth_skeletal_remains

Skill      XL: |  1  2  3  4  5  6  7  8  9 10 11 12 13 14 |
---------------+-------------------------------------------+-----
Stealth        | 6 7 8 9 12 15 17 | 17.0
Dodging        | 2 3 4 5 6 7 9 10 11 12 13 | 13.0
Short Blades   | 3 4 5 7 8 10 11 | 11.0
Throwing       | 3 4 5 6 |  6.1
Hexes          | 4 5 8 |  8.0
Ice Magic      | 3 |  3.4
Fighting       | 3 5 8 9 |  9.0
Spellcasting   | 7 9 11 12 | 12.0
Conjurations   | 1 6 |  6.3

Action                   |  1- 3 |  4- 6 |  7- 9 | 10-12 | 13-15 || total
-------------------------+-------+-------+-------+-------+-------++-------
Melee: Dagger            |   119 |    83 |   932 |   910 |   354 ||  2398
       Short sword       |       |       |       |       |   372 ||   372
 Fire: Blowgun           |     4 |    19 |   111 |    23 |    19 ||   176
Throw: Tomahawk          |       |       |    16 |    29 |    37 ||    82
 Cast: Ensorcelled Hiber |       |       |       |   231 |   180 ||   411
       Dazzling Spray    |       |       |       |       |    98 ||    98
Evoke: Wand              |       |       |     2 |    11 |     5 ||    18
  Use: Scroll            |     5 |     5 |    12 |    13 |    12 ||    47
       Potion            |       |       |     4 |     8 |       ||    12
 Stab: Sleeping          |    11 |    10 |    17 |   139 |   118 ||   295
       Distracted        |       |       |     6 |     7 |     5 ||    18
       Invisible         |       |       |       |     1 |    31 ||    32
  Eat: Pizza             |       |       |     2 |     2 |     1 ||     5
       Bread ration      |       |       |     1 |       |       ||     1
       Fruit             |       |       |       |     8 |     6 ||    14
       Royal jelly       |       |       |       |     1 |       ||     1
